Predators vs Avalanche

Created - April 14 2007 at 11:56

Goals
1 2 3 T
Predators 4 0 1 5
Avalanche 0 0 1 1
Shots
1 2 3 T
Predators 12 7 8 27
Avalanche 9 6 17 32

Period #1

1. Predators , Martin Erat 1 (Yanic Perreault, Zbynek Michalek) at 1:40
2. Predators , Brad Boyes 1 (Martin Erat) at 11:31
3. Predators , Ryan Suter 1 (Derek Morris, Jason Arnott) at 13:45
4. Predators , Brad Boyes 2 (Kimmo Timonen, David Legwand) at 18:06 (PP)

Penalities :
Ken Klee (COL) for Tripping (Minor) at 1:58, Jason Arnott (NSH) for Tripping (Minor) at 2:13, Derek Morris (NSH) for Cross-checking (Minor) at 11:32, Joe Sakic (COL) for Elbowing (Minor) at 16:26

Period #2

No Goal

Penalities :
Todd Bertuzzi (NSH) for Hooking (Minor) at 9:20, Ryan Suter (NSH) for Charging (Minor) at 12:20, Karlis Skrastins (COL) for Fighting (Major) at 13:46, Mike Grier (NSH) for Fighting (Major) at 13:46

Period #3

5. Predators , David Legwand 2 (Tomas Kaberle, Todd Bertuzzi) at 0:43
6. Avalanche , Niko Kapanen 1 (Jaroslav Spacek) at 4:48 (PP)

Penalities :
Zbynek Michalek (NSH) for Charging (Minor) at 0:50, Mike Grier (NSH) for Kneeing (Major) at 0:57, Jason Arnott (NSH) for Delaying the game (Minor) at 8:13, David Legwand (NSH) for Diving (Minor) at 11:08, Ryan Suter (NSH) for Clipping (Minor) at 16:38

Goalie Stats

Tomas Vokoun (NSH), 31 saves from 32 shots - (0.969), W, 3-1-0, 60:00 minutes
Martin Biron (COL), 22 saves from 27 shots - (0.815), L, 1-3-0, 60:00 minutes

Players Stats

Predators
Player Name              G  A  P  +/- PIM S  H  SB FO MP 
-----------------------------------------------------------
Brad Boyes               2  0  2   2  0   5  0  0  0  13 
David Legwand            1  1  2   1  2   4  1  0  14 14 
Derek Morris             0  1  1   1  2   0  3  0  0  21 
Jason Arnott             0  1  1   1  4   0  0  0  19 12 
Keith Primeau            0  0  0   0  0   0  1  0  15 14 
Kimmo Timonen            0  1  1   2  0   4  0  2  0  23 
Marek Zidlicky           0  0  0   1  0   1  0  0  0  17 
Martin Erat              1  1  2   2  0   3  0  0  0  11 
Mike Grier               0  0  0   0  10  0  0  1  1  12 
Oleg Saprykin            0  0  0   0  0   1  1  0  1  6  
Paul Kariya              0  0  0   1  0   1  0  0  6  21 
Ryan Suter               1  0  1   1  4   1  0  0  0  20 
Scott Hartnell           0  0  0   1  0   0  1  0  0  11 
Steve Sullivan           0  0  0   1  0   1  1  0  0  17 
Todd Bertuzzi            0  1  1   1  2   3  3  0  13 23 
Tomas Kaberle            0  1  1   1  0   0  0  1  0  22 
Yanic Perreault          0  1  1   2  0   2  0  0  14 13 
Zbynek Michalek          0  1  1   2  2   1  0  1  0  21 
Avalanche
Player Name              G  A  P  +/- PIM S  H  SB FO MP 
-----------------------------------------------------------
Alexei Zhitnik           0  0  0   0  0   0  0  1  0  22 
Antti Laaksonen          0  0  0  -2  0   1  0  0  2  15 
Brandon Bochenski        0  0  0   0  0   0  0  0  0  0  
Brett McLean             0  0  0  -1  0   1  0  1  8  11 
Derek Armstrong          0  0  0  -2  0   5  0  0  21 19 
Jaroslav Spacek          0  1  1  -2  0   0  1  1  0  23 
Joe Sakic                0  0  0   0  2   5  0  0  22 24 
Joffrey Lupul            0  0  0  -2  0   5  1  0  1  21 
Jordan Leopold           0  0  0  -2  0   1  1  5  0  23 
Karlis Skrastins         0  0  0  -2  5   0  1  1  0  18 
Ken Klee                 0  0  0   0  2   0  0  3  0  18 
Marcel Hossa             0  0  0   0  0   0  0  0  0  3  
Mike York                0  0  0  -2  0   4  0  0  7  23 
Niko Kapanen             1  0  1  -1  0   4  2  0  21 21 
Ossi Vaananen            0  0  0  -2  0   0  3  0  0  14 
Pavel Vorobiev           0  0  0  -2  0   1  0  1  0  13 
Peter Bondra             0  0  0   0  0   1  0  0  0  18 
Vyacheslav Kozlov        0  0  0   0  0   4  0  0  1  24 

3 Stars

1 - Tomas Vokoun (NSH)
2 - Brad Boyes (NSH)
3 - Martin Erat (NSH)

Power Play

Predators - 1 on 2 Attempt(s) - 50.00%
Avalanche - 1 on 9 Attempt(s) - 11.11%

Penalty Kill

Predators - 8 on 9 Attempt(s) - 88.89% - Score 0 goal in Penalty Kill
Avalanche - 1 on 2 Attempt(s) - 50.00% - Score 0 goal in Penalty Kill

Game Notes

Mike Grier beats up Karlis Skrastins at 13:46 of 2nd period

Finance

Level 1 -- Attendance: 6000 (100.00%) -- Ticket Income $540,000.00
Level 2 -- Attendance: 4688 (93.75%) -- Ticket Income $281,280.00
Level 3 -- Attendance: 2000 (99.64%) -- Ticket Income $70,000.00
Level 4 -- Attendance: 3124 (78.09%) -- Ticket Income $78,100.00
Luxury Box -- Attendance: 973 (97.26%) -- Ticket Income $194,600.00
Game was played at the Pepsi Center
Total Attendance: 16785 (93.21%)
Total Ticket Income: $1,277,037.00
Other Income: $383,111.06
Total Income: $1,660,148.00


Play by Play

Period #1

0:01 of 1st period - Jason Arnott wins face-off versus Joe Sakic in neutral zone.
0:18 of 1st period - Shot by Joe Sakic.
0:18 of 1st period - Stopped by Tomas Vokoun with a rebound.
0:23 of 1st period - Shot by Vyacheslav Kozlov.
0:23 of 1st period - Stopped by Tomas Vokoun without a rebound.
0:24 of 1st period - David Legwand wins face-off versus Derek Armstrong in Predators zone.
0:43 of 1st period - Shot by David Legwand.
0:43 of 1st period - Shot Misses the Net.
0:54 of 1st period - Shot by Joffrey Lupul.
0:54 of 1st period - Deflect By Mike York.
0:54 of 1st period - Shot Misses the Net.
1:35 of 1st period - Shot by Martin Erat.
1:35 of 1st period - Shot Misses the Net.
1:40 of 1st period - Shot by Yanic Perreault.
1:40 of 1st period - Deflect By Martin Erat.
1:40 of 1st period - Goal by Martin Erat - Predators : 1 - Avalanche : 0.
1:41 of 1st period - Joe Sakic wins face-off versus Jason Arnott in neutral zone.
1:47 of 1st period - Vyacheslav Kozlov is hit by Steve Sullivan and loses puck.
1:58 of 1st period - Minor Penalty to Ken Klee for Tripping.
1:59 of 1st period - Joe Sakic wins face-off versus Jason Arnott in Predators zone.
1:59 of 1st period - Antti Laaksonen is hit by Todd Bertuzzi and loses puck.
2:05 of 1st period - Shot by Joe Sakic.
2:05 of 1st period - Shot Misses the Net.
2:13 of 1st period - Minor Penalty to Jason Arnott for Tripping.
2:14 of 1st period - Joe Sakic wins face-off versus Todd Bertuzzi in neutral zone.
2:34 of 1st period - Joe Sakic is hit by Todd Bertuzzi and loses puck.
2:45 of 1st period - Icing by Tomas Kaberle.
2:46 of 1st period - Todd Bertuzzi wins face-off versus Mike York in Predators zone.
3:07 of 1st period - Shot by Mike York.
3:07 of 1st period - Stopped by Tomas Vokoun without a rebound.
3:08 of 1st period - Joe Sakic wins face-off versus Paul Kariya in Predators zone.
3:37 of 1st period - Shot by Yanic Perreault.
3:37 of 1st period - Stopped by Martin Biron without a rebound.
3:38 of 1st period - Mike York wins face-off versus Todd Bertuzzi in Avalanche zone.
4:28 of 1st period - Brad Boyes is hit by Karlis Skrastins and loses puck.
4:31 of 1st period - Off-side.
4:32 of 1st period - Brett McLean wins face-off versus Keith Primeau in neutral zone.
4:34 of 1st period - Vyacheslav Kozlov is hit by Derek Morris and loses puck.
5:36 of 1st period - Shot by David Legwand.
5:36 of 1st period - Shot Blocked by Jaroslav Spacek.
5:37 of 1st period - Shot by David Legwand.
5:37 of 1st period - Shot Blocked by Jordan Leopold.
5:40 of 1st period - Shot by Todd Bertuzzi.
5:40 of 1st period - Stopped by Martin Biron without a rebound.
5:41 of 1st period - Yanic Perreault wins face-off versus Niko Kapanen in Avalanche zone.
5:56 of 1st period - Shot by Yanic Perreault.
5:56 of 1st period - Shot Misses the Net.
6:32 of 1st period - Icing by Ossi Vaananen.
6:33 of 1st period - David Legwand wins face-off versus Antti Laaksonen in Avalanche zone.
7:09 of 1st period - Icing by Tomas Kaberle.
7:10 of 1st period - Joe Sakic wins face-off versus David Legwand in Predators zone.
8:10 of 1st period - Off-side.
8:11 of 1st period - Yanic Perreault wins face-off versus Derek Armstrong in neutral zone.
8:38 of 1st period - Shot by Brad Boyes.
8:38 of 1st period - Stopped by Martin Biron without a rebound.
8:39 of 1st period - Brett McLean wins face-off versus Jason Arnott in Avalanche zone.
9:17 of 1st period - Icing by Jason Arnott.
9:18 of 1st period - Niko Kapanen wins face-off versus Jason Arnott in Predators zone.
9:45 of 1st period - Shot by Martin Erat.
9:45 of 1st period - Shot Misses the Net.
9:58 of 1st period - Shot by Kimmo Timonen.
9:58 of 1st period - Stopped by Martin Biron without a rebound.
9:59 of 1st period - David Legwand wins face-off versus Mike York in Avalanche zone.
10:37 of 1st period - Icing by Marek Zidlicky.
10:38 of 1st period - Joe Sakic wins face-off versus David Legwand in Predators zone.
11:31 of 1st period - Shot by Brad Boyes.
11:31 of 1st period - Goal by Brad Boyes - Predators : 2 - Avalanche : 0.
11:32 of 1st period - Derek Armstrong wins face-off versus Jason Arnott in neutral zone.
11:32 of 1st period - Minor Penalty to Derek Morris for Cross-checking.
11:33 of 1st period - Keith Primeau wins face-off versus Joffrey Lupul in neutral zone.
11:50 of 1st period - Shot by Mike York.
11:50 of 1st period - Shot Blocked by Zbynek Michalek.
12:15 of 1st period - Shot by Mike York.
12:15 of 1st period - Shot Misses the Net.
12:38 of 1st period - Shot by Peter Bondra.
12:38 of 1st period - Shot Misses the Net.
13:43 of 1st period - Shot by Jason Arnott.
13:43 of 1st period - Shot Misses the Net.
13:44 of 1st period - Shot by Derek Morris.
13:44 of 1st period - Shot Misses the Net.
13:45 of 1st period - Shot by Ryan Suter.
13:45 of 1st period - Goal by Ryan Suter - Predators : 3 - Avalanche : 0.
13:46 of 1st period - Yanic Perreault wins face-off versus Joe Sakic in neutral zone.
13:53 of 1st period - Shot by Kimmo Timonen.
13:53 of 1st period - Shot Misses the Net.
13:54 of 1st period - Shot by Brad Boyes.
13:54 of 1st period - Shot Blocked by Karlis Skrastins.
13:55 of 1st period - Shot by Kimmo Timonen.
13:55 of 1st period - Stopped by Martin Biron without a rebound.
13:56 of 1st period - David Legwand wins face-off versus Brett McLean in Avalanche zone.
14:47 of 1st period - Shot by Niko Kapanen.
14:47 of 1st period - Stopped by Tomas Vokoun without a rebound.
14:48 of 1st period - Keith Primeau wins face-off versus Derek Armstrong in Predators zone.
14:52 of 1st period - Icing by Oleg Saprykin.
14:53 of 1st period - Keith Primeau wins face-off versus Niko Kapanen in Predators zone.
15:03 of 1st period - Karlis Skrastins is hit by Derek Morris and loses puck.
15:09 of 1st period - Shot by Pavel Vorobiev.
15:09 of 1st period - Stopped by Tomas Vokoun without a rebound.
15:10 of 1st period - Derek Armstrong wins face-off versus Yanic Perreault in Predators zone.
15:15 of 1st period - Shot by Joffrey Lupul.
15:15 of 1st period - Stopped by Tomas Vokoun with a rebound.
15:21 of 1st period - Kimmo Timonen is hit by Jaroslav Spacek and loses puck.
15:41 of 1st period - Shot by Joffrey Lupul.
15:41 of 1st period - Stopped by Tomas Vokoun without a rebound.
15:42 of 1st period - Joe Sakic wins face-off versus Jason Arnott in Predators zone.
15:51 of 1st period - Shot by Joe Sakic.
15:51 of 1st period - Stopped by Tomas Vokoun without a rebound.
15:52 of 1st period - Keith Primeau wins face-off versus Niko Kapanen in Predators zone.
16:02 of 1st period - Oleg Saprykin is hit by Ossi Vaananen and loses puck.
16:20 of 1st period - Shot by Antti Laaksonen.
16:20 of 1st period - Shot Misses the Net.
16:25 of 1st period - Shot by Oleg Saprykin.
16:25 of 1st period - Stopped by Martin Biron without a rebound.
16:26 of 1st period - David Legwand wins face-off versus Joe Sakic in Avalanche zone.
16:26 of 1st period - Minor Penalty to Joe Sakic for Elbowing.
16:27 of 1st period - David Legwand wins face-off versus Derek Armstrong in Avalanche zone.
16:30 of 1st period - Shot by Brad Boyes.
16:30 of 1st period - Shot Blocked by Jordan Leopold.
16:39 of 1st period - Shot by David Legwand.
16:39 of 1st period - Stopped by Martin Biron with a rebound.
16:40 of 1st period - Shot by Kimmo Timonen.
16:40 of 1st period - Stopped by Martin Biron without a rebound.
16:41 of 1st period - Vyacheslav Kozlov wins face-off versus Jason Arnott in Avalanche zone.
18:06 of 1st period - Shot by Brad Boyes.
18:06 of 1st period - Goal by Brad Boyes - Predators : 4 - Avalanche : 0.
18:07 of 1st period - Yanic Perreault wins face-off versus Mike York in neutral zone.
18:07 of 1st period - Brad Boyes is hit by Jordan Leopold and loses puck.
18:11 of 1st period - Shot by Mike York.
18:11 of 1st period - Deflect By Derek Armstrong.
18:11 of 1st period - Stopped by Tomas Vokoun with a rebound.
18:28 of 1st period - Shot by Joffrey Lupul.
18:28 of 1st period - Shot Hit the Post.
18:56 of 1st period - Icing by Kimmo Timonen.
18:57 of 1st period - Yanic Perreault wins face-off versus Joe Sakic in Predators zone.
19:40 of 1st period - Shot by Oleg Saprykin.
19:40 of 1st period - Shot Blocked by Ken Klee.

Period #2

0:01 of 2nd period - Joe Sakic wins face-off versus Jason Arnott in neutral zone.
0:27 of 2nd period - Off-side.
0:28 of 2nd period - David Legwand wins face-off versus Derek Armstrong in neutral zone.
0:30 of 2nd period - Marek Zidlicky is hit by Joffrey Lupul and loses puck.
1:58 of 2nd period - Shot by Jason Arnott.
1:58 of 2nd period - Shot Misses the Net.
1:59 of 2nd period - Shot by Derek Morris.
1:59 of 2nd period - Shot Blocked by Pavel Vorobiev.
2:38 of 2nd period - Shot by Brad Boyes.
2:38 of 2nd period - Shot Misses the Net.
3:49 of 2nd period - Shot by Mike York.
3:49 of 2nd period - Shot Blocked by Mike Grier.
4:58 of 2nd period - Shot by David Legwand.
4:58 of 2nd period - Stopped by Martin Biron without a rebound.
4:59 of 2nd period - Yanic Perreault wins face-off versus Niko Kapanen in Avalanche zone.
5:00 of 2nd period - Shot by Martin Erat.
5:00 of 2nd period - Stopped by Martin Biron without a rebound.
5:01 of 2nd period - Yanic Perreault wins face-off versus Niko Kapanen in Avalanche zone.
5:31 of 2nd period - Martin Erat is hit by Ossi Vaananen and loses puck.
5:59 of 2nd period - Shot by Todd Bertuzzi.
5:59 of 2nd period - Stopped by Martin Biron without a rebound.
6:00 of 2nd period - David Legwand wins face-off versus Derek Armstrong in Avalanche zone.
6:13 of 2nd period - Shot by Todd Bertuzzi.
6:13 of 2nd period - Shot Blocked by Jordan Leopold.
6:14 of 2nd period - Shot by Marek Zidlicky.
6:14 of 2nd period - Shot Misses the Net.
6:18 of 2nd period - Icing by Jaroslav Spacek.
6:19 of 2nd period - Jason Arnott wins face-off versus Derek Armstrong in Avalanche zone.
7:06 of 2nd period - Shot by Yanic Perreault.
7:06 of 2nd period - Deflect By Brad Boyes.
7:06 of 2nd period - Shot Blocked by Jordan Leopold.
7:11 of 2nd period - Shot by Brad Boyes.
7:11 of 2nd period - Stopped by Martin Biron without a rebound.
7:12 of 2nd period - Joe Sakic wins face-off versus David Legwand in Avalanche zone.
7:17 of 2nd period - Shot by Paul Kariya.
7:17 of 2nd period - Shot Misses the Net.
7:34 of 2nd period - Shot by Paul Kariya.
7:34 of 2nd period - Shot Blocked by Alexei Zhitnik.
7:35 of 2nd period - Shot by Marek Zidlicky.
7:35 of 2nd period - Stopped by Martin Biron without a rebound.
7:36 of 2nd period - Yanic Perreault wins face-off versus Brett McLean in Avalanche zone.
7:43 of 2nd period - Shot by Brad Boyes.
7:43 of 2nd period - Shot Misses the Net.
8:41 of 2nd period - Niko Kapanen is hit by David Legwand and loses puck.
9:20 of 2nd period - Minor Penalty to Todd Bertuzzi for Hooking.
9:21 of 2nd period - Keith Primeau wins face-off versus Niko Kapanen in Avalanche zone.
10:16 of 2nd period - Shot by Joe Sakic.
10:16 of 2nd period - Stopped by Tomas Vokoun without a rebound.
10:17 of 2nd period - Keith Primeau wins face-off versus Derek Armstrong in Predators zone.
10:42 of 2nd period - Shot by Vyacheslav Kozlov.
10:42 of 2nd period - Stopped by Tomas Vokoun without a rebound.
10:43 of 2nd period - Brett McLean wins face-off versus Paul Kariya in Predators zone.
10:52 of 2nd period - Shot by Joffrey Lupul.
10:52 of 2nd period - Stopped by Tomas Vokoun without a rebound.
10:53 of 2nd period - Jason Arnott wins face-off versus Niko Kapanen in Predators zone.
10:53 of 2nd period - Steve Sullivan is hit by Niko Kapanen and loses puck.
12:20 of 2nd period - Minor Penalty to Ryan Suter for Charging.
12:21 of 2nd period - Niko Kapanen wins face-off versus Keith Primeau in Predators zone.
12:31 of 2nd period - Joffrey Lupul is hit by Keith Primeau and loses puck.
13:46 of 2nd period - Mike Grier beats up Karlis Skrastins.
13:46 of 2nd period - Penalty to Karlis Skrastins for Fighting.
13:46 of 2nd period - Penalty to Mike Grier for Fighting.
13:47 of 2nd period - Paul Kariya wins face-off versus Mike York in neutral zone.
14:06 of 2nd period - Shot by Peter Bondra.
14:06 of 2nd period - Deflect By Mike York.
14:06 of 2nd period - Stopped by Tomas Vokoun without a rebound.
14:07 of 2nd period - Joe Sakic wins face-off versus Paul Kariya in Predators zone.
14:15 of 2nd period - Icing by Vyacheslav Kozlov.
14:16 of 2nd period - Paul Kariya wins face-off versus Joe Sakic in Avalanche zone.
14:49 of 2nd period - Shot by Todd Bertuzzi.
14:49 of 2nd period - Shot Blocked by Jordan Leopold.
15:42 of 2nd period - Shot by Yanic Perreault.
15:42 of 2nd period - Shot Misses the Net.
16:20 of 2nd period - Icing by Joe Sakic.
16:21 of 2nd period - Todd Bertuzzi wins face-off versus Joe Sakic in Avalanche zone.
16:25 of 2nd period - Icing by Alexei Zhitnik.
16:26 of 2nd period - Todd Bertuzzi wins face-off versus Joe Sakic in Avalanche zone.
16:33 of 2nd period - Shot by Todd Bertuzzi.
16:33 of 2nd period - Stopped by Martin Biron with a rebound.
16:58 of 2nd period - Shot by Joffrey Lupul.
16:58 of 2nd period - Stopped by Tomas Vokoun without a rebound.
16:59 of 2nd period - Yanic Perreault wins face-off versus Mike York in Predators zone.
17:14 of 2nd period - Shot by Yanic Perreault.
17:14 of 2nd period - Shot Misses the Net.
17:15 of 2nd period - Shot by Kimmo Timonen.
17:15 of 2nd period - Stopped by Martin Biron without a rebound.
17:16 of 2nd period - Brett McLean wins face-off versus Yanic Perreault in Avalanche zone.
18:15 of 2nd period - Shot by Mike York.
18:15 of 2nd period - Shot Misses the Net.
18:18 of 2nd period - Shot by Joffrey Lupul.
18:18 of 2nd period - Shot Misses the Net.
18:19 of 2nd period - Shot by Mike York.
18:19 of 2nd period - Shot Blocked by Tomas Kaberle.
18:20 of 2nd period - Shot by Jordan Leopold.
18:20 of 2nd period - Stopped by Tomas Vokoun without a rebound.
18:21 of 2nd period - Jason Arnott wins face-off versus Joe Sakic in Predators zone.
19:23 of 2nd period - Niko Kapanen is hit by Oleg Saprykin and loses puck.

Period #3

0:01 of 3rd period - Joe Sakic wins face-off versus Jason Arnott in neutral zone.
0:16 of 3rd period - Shot by Peter Bondra.
0:16 of 3rd period - Stopped by Tomas Vokoun with a rebound.
0:19 of 3rd period - Shot by Joe Sakic.
0:19 of 3rd period - Deflect By Vyacheslav Kozlov.
0:19 of 3rd period - Stopped by Tomas Vokoun with a rebound.
0:30 of 3rd period - Shot by Joe Sakic.
0:30 of 3rd period - Stopped by Tomas Vokoun without a rebound.
0:31 of 3rd period - David Legwand wins face-off versus Derek Armstrong in Predators zone.
0:38 of 3rd period - Shot by David Legwand.
0:38 of 3rd period - Deflect By Todd Bertuzzi.
0:38 of 3rd period - Shot Misses the Net.
0:43 of 3rd period - Shot by David Legwand.
0:43 of 3rd period - Goal by David Legwand - Predators : 5 - Avalanche : 0.
0:44 of 3rd period - Niko Kapanen wins face-off versus Yanic Perreault in neutral zone.
0:50 of 3rd period - Minor Penalty to Zbynek Michalek for Charging.
0:51 of 3rd period - Niko Kapanen wins face-off versus Keith Primeau in Predators zone.
0:57 of 3rd period - Major Penalty to Mike Grier for Kneeing.
0:58 of 3rd period - Derek Armstrong wins face-off versus Paul Kariya in Predators zone.
1:09 of 3rd period - Shot by Derek Armstrong.
1:09 of 3rd period - Stopped by Tomas Vokoun without a rebound.
1:10 of 3rd period - Keith Primeau wins face-off versus Niko Kapanen in Predators zone.
1:32 of 3rd period - Joffrey Lupul is hit by Derek Morris and loses puck.
2:35 of 3rd period - Icing by Peter Bondra.
2:36 of 3rd period - Keith Primeau wins face-off versus Derek Armstrong in Avalanche zone.
3:21 of 3rd period - Shot by Mike York.
3:21 of 3rd period - Deflect By Joffrey Lupul.
3:21 of 3rd period - Shot Misses the Net.
3:58 of 3rd period - Shot by Derek Armstrong.
3:58 of 3rd period - Stopped by Tomas Vokoun with a rebound.
4:01 of 3rd period - Shot by Derek Armstrong.
4:01 of 3rd period - Stopped by Tomas Vokoun without a rebound.
4:02 of 3rd period - Keith Primeau wins face-off versus Antti Laaksonen in Predators zone.
4:19 of 3rd period - Shot by Vyacheslav Kozlov.
4:19 of 3rd period - Shot Misses the Net.
4:20 of 3rd period - Shot by Joe Sakic.
4:20 of 3rd period - Stopped by Tomas Vokoun without a rebound.
4:21 of 3rd period - Todd Bertuzzi wins face-off versus Niko Kapanen in Predators zone.
4:48 of 3rd period - Shot by Niko Kapanen.
4:48 of 3rd period - Goal by Niko Kapanen - Predators : 5 - Avalanche : 1.
4:49 of 3rd period - Todd Bertuzzi wins face-off versus Derek Armstrong in neutral zone.
5:48 of 3rd period - Shot by Niko Kapanen.
5:48 of 3rd period - Shot Misses the Net.
6:05 of 3rd period - Shot by Brett McLean.
6:05 of 3rd period - Stopped by Tomas Vokoun without a rebound.
6:06 of 3rd period - Brett McLean wins face-off versus Jason Arnott in Predators zone.
6:06 of 3rd period - Antti Laaksonen is hit by Scott Hartnell and loses puck.
6:32 of 3rd period - Shot by Steve Sullivan.
6:32 of 3rd period - Stopped by Martin Biron without a rebound.
6:33 of 3rd period - David Legwand wins face-off versus Joe Sakic in Avalanche zone.
6:34 of 3rd period - Shot by Paul Kariya.
6:34 of 3rd period - Shot Blocked by Ken Klee.
6:50 of 3rd period - Icing by Paul Kariya.
6:51 of 3rd period - Derek Armstrong wins face-off versus Todd Bertuzzi in Predators zone.
7:44 of 3rd period - Shot by Yanic Perreault.
7:44 of 3rd period - Shot Misses the Net.
7:45 of 3rd period - Shot by Zbynek Michalek.
7:45 of 3rd period - Shot Blocked by Ken Klee.
7:46 of 3rd period - Shot by Zbynek Michalek.
7:46 of 3rd period - Shot Blocked by Brett McLean.
7:47 of 3rd period - Shot by Zbynek Michalek.
7:47 of 3rd period - Stopped by Martin Biron without a rebound.
7:48 of 3rd period - Niko Kapanen wins face-off versus Jason Arnott in Avalanche zone.
8:10 of 3rd period - Jason Arnott is hit by Niko Kapanen and loses puck.
8:13 of 3rd period - Minor Penalty to Jason Arnott for Delaying the game.
8:14 of 3rd period - Mike Grier wins face-off versus Derek Armstrong in Avalanche zone.
8:33 of 3rd period - Shot by Derek Armstrong.
8:33 of 3rd period - Shot Misses the Net.
9:22 of 3rd period - Shot by Niko Kapanen.
9:22 of 3rd period - Stopped by Tomas Vokoun without a rebound.
9:23 of 3rd period - Brett McLean wins face-off versus Keith Primeau in Predators zone.
9:48 of 3rd period - Shot by Peter Bondra.
9:48 of 3rd period - Shot Misses the Net.
9:49 of 3rd period - Shot by Joe Sakic.
9:49 of 3rd period - Deflect By Vyacheslav Kozlov.
9:49 of 3rd period - Shot Blocked by Kimmo Timonen.
9:50 of 3rd period - Shot by Vyacheslav Kozlov.
9:50 of 3rd period - Stopped by Tomas Vokoun without a rebound.
9:51 of 3rd period - Niko Kapanen wins face-off versus Todd Bertuzzi in Predators zone.
10:03 of 3rd period - Icing by Mike York.
10:04 of 3rd period - Todd Bertuzzi wins face-off versus Niko Kapanen in Avalanche zone.
11:08 of 3rd period - Minor Penalty to David Legwand for Diving.
11:09 of 3rd period - Derek Armstrong wins face-off versus Keith Primeau in Predators zone.
11:24 of 3rd period - Shot by Derek Armstrong.
11:24 of 3rd period - Stopped by Tomas Vokoun without a rebound.
11:25 of 3rd period - Jason Arnott wins face-off versus Mike York in Predators zone.
12:55 of 3rd period - Vyacheslav Kozlov is hit by Todd Bertuzzi and loses puck.
13:17 of 3rd period - Shot by Niko Kapanen.
13:17 of 3rd period - Stopped by Tomas Vokoun with a rebound.
13:20 of 3rd period - Shot by Antti Laaksonen.
13:20 of 3rd period - Stopped by Tomas Vokoun without a rebound.
13:21 of 3rd period - Niko Kapanen wins face-off versus David Legwand in Predators zone.
13:34 of 3rd period - Shot by Paul Kariya.
13:34 of 3rd period - Stopped by Martin Biron with a rebound.
13:37 of 3rd period - Shot by David Legwand.
13:37 of 3rd period - Stopped by Martin Biron without a rebound.
13:38 of 3rd period - Yanic Perreault wins face-off versus Derek Armstrong in Avalanche zone.
14:06 of 3rd period - Off-side.
14:07 of 3rd period - Jason Arnott wins face-off versus Niko Kapanen in neutral zone.
14:27 of 3rd period - Steve Sullivan is hit by Ossi Vaananen and loses puck.
14:56 of 3rd period - Icing by Derek Morris.
14:57 of 3rd period - Jason Arnott wins face-off versus Joe Sakic in Predators zone.
15:16 of 3rd period - Shot by Vyacheslav Kozlov.
15:16 of 3rd period - Shot Misses the Net.
15:33 of 3rd period - Shot by David Legwand.
15:33 of 3rd period - Shot Misses the Net.
16:28 of 3rd period - Shot by Yanic Perreault.
16:28 of 3rd period - Stopped by Martin Biron with a rebound.
16:31 of 3rd period - Shot by Brad Boyes.
16:31 of 3rd period - Stopped by Martin Biron without a rebound.
16:32 of 3rd period - Derek Armstrong wins face-off versus Oleg Saprykin in Avalanche zone.
16:38 of 3rd period - Minor Penalty to Ryan Suter for Clipping.
16:39 of 3rd period - Niko Kapanen wins face-off versus Keith Primeau in Avalanche zone.
16:46 of 3rd period - Shot by Joffrey Lupul.
16:46 of 3rd period - Shot Misses the Net.
16:51 of 3rd period - Shot by Mike York.
16:51 of 3rd period - Stopped by Tomas Vokoun without a rebound.
16:52 of 3rd period - Todd Bertuzzi wins face-off versus Niko Kapanen in Predators zone.
16:58 of 3rd period - Icing by Jaroslav Spacek.
16:59 of 3rd period - Todd Bertuzzi wins face-off versus Niko Kapanen in Avalanche zone.
17:24 of 3rd period - Shot by Joffrey Lupul.
17:24 of 3rd period - Shot Misses the Net.
17:27 of 3rd period - Shot by Mike York.
17:27 of 3rd period - Shot Misses the Net.
18:20 of 3rd period - Shot by Joffrey Lupul.
18:20 of 3rd period - Shot Misses the Net.
18:25 of 3rd period - Shot by Mike York.
18:25 of 3rd period - Stopped by Tomas Vokoun without a rebound.
18:26 of 3rd period - Derek Armstrong wins face-off versus Todd Bertuzzi in Predators zone.
18:43 of 3rd period - Shot by Niko Kapanen.
18:43 of 3rd period - Shot Blocked by Kimmo Timonen.
18:56 of 3rd period - Shot by Martin Erat.
18:56 of 3rd period - Stopped by Martin Biron with a rebound.
19:22 of 3rd period - Icing by Kimmo Timonen.
19:23 of 3rd period - Yanic Perreault wins face-off versus Derek Armstrong in Predators zone.
19:42 of 3rd period - Shot by Mike York.
19:42 of 3rd period - Deflect By Joffrey Lupul.
19:42 of 3rd period - Stopped by Tomas Vokoun without a rebound.
19:43 of 3rd period - Joe Sakic wins face-off versus Jason Arnott in Predators zone.


Output by the SimonT Hockey Simulator (STHS) for Stephane Roy -- Original Page W3C XHTML 1.0 Valid